 Dungeon Crawl Stone Soup version 0.27-a0-1228-gfd60fd639a (webtiles) character file.

Game seed: 3523269697929155101

92 Shayle the Skirmisher (level 4, 0/48 HPs)
             Began as an Ogre Warper on June 8, 2021.
             Succumbed to an adder's poison
             ... on level 2 of the Dungeon.
             The game lasted 00:04:30 (2931 turns).

Shayle the Skirmisher (Ogre Warper)                 Turns: 2931, Time: 00:04:31

Health: 0/48       AC:  3    Str: 15    XL:     4   Next: 60%
Magic:  7/7        EV: 10    Int: 15    God:
Gold:   117        SH:  0    Dex:  8    Spells: 2/7 levels left

rFire    . . .     SeeInvis .   i - +0 broad axe
rCold    . . .     Faith    .   (no shield)
rNeg     . . .     Spirit   .   b - +0 robe
rPois    .         Reflect  .   (helmet restricted)
rElec    .         Harm     .   (no cloak)
rCorr    .         Rampage  .   (gloves unavailable)
Will     .....                  (boots unavailable)
Stlth    +.........             (no amulet)
HPRegen  0.16/turn              (no ring)
MPRegen  0.10/turn              (no ring)

@: mighty, lethally poisoned (0 -> -1)
A: large, unfitting armour, tough skin 1
a: no special abilities


You were on level 2 of the Dungeon.
You visited 1 branch of the dungeon, and saw 2 of its levels.

You collected 117 gold pieces.

Inventory:

Hand Weapons
 a - a +0 spear
 i - a +0 broad axe (weapon)
Missiles
 e - a boomerang of dispersal (quivered)
Armour
 b - a +0 robe (worn)
Jewellery
 c - a +4 ring of protection
Scrolls
 d - 2 scrolls of blinking
 f - 2 scrolls of enchant weapon {unknown}
 j - a scroll of identify {unknown}


   Skills:
 + Level 4.1 Fighting
 + Level 3.1 Polearms
 - Level 1.0 Throwing
 + Level 3.1 Dodging
 - Level 2.4 Spellcasting
 - Level 2.6 Translocations


You had 2 spell levels left.
You knew the following spells:

 Your Spells              Type           Power      Damage    Failure   Level
a - Blink                 Tloc           N/A        N/A       11%         2
b - Teleport Other        Tloc           9%         N/A       22%         3

Your spell library contained the following spells:

 Spells                   Type           Power      Damage    Failure   Level
 Gell's Gravitas          Tloc           4%         N/A       22%         3
 Lesser Beckoning         Tloc           4%         N/A       22%         3
 Manifold Assault         Tloc           9%         N/A       89%         5


Dungeon Overview and Level Annotations

Branches:
Dungeon (2/15)

Altars:


Innate Abilities, Weirdness & Mutations

You are too large for most types of armour.
You have tough skin. (AC +1)


Message History

The adder is heavily wounded.
You feel sick.
You are no longer poisoned.
The adder bites you.
You are poisoned.
The adder poisons you! The adder bites you.
You miss the adder.
The adder is heavily wounded.
You feel sick. The adder bites you but does no damage. The adder bites you.
You closely miss the adder.
The adder is heavily wounded.
You feel sick. The adder completely misses you. The adder barely misses you.
You closely miss the adder.
The adder is heavily wounded.
You feel sick. The adder closely misses you. The adder barely misses you.
You hit the adder.
The adder is severely wounded.
You feel sick.
You are no longer poisoned.
The adder bites you but does no damage. The adder bites you.
* * * LOW HITPOINT WARNING * * *
You are poisoned.
The adder poisons you!
You closely miss the adder.
The adder is severely wounded.
You feel sick. The adder bites you.
* * * LOW HITPOINT WARNING * * *
The adder bites you.
* * * LOW HITPOINT WARNING * * *
Unknown command.
It was a potion of cancellation.
You feel magically purged.
You feel sick. The adder bites you.
* * * LOW HITPOINT WARNING * * *
It was a potion of might.
You feel very mighty all of a sudden.
* * * LOW HITPOINT WARNING * * *
You feel sick. The adder misses you.
You barely miss the adder.
The adder is severely wounded.
You die...

#....>.....................
#......)..##.#.#.##.....##.
.....#......................
###.......<รท..#.#.##.....##.
#........##...<.##......#.
#...........#.####......#.
#........##.#.####......#.
#.......S##.............#.
#........@.....####.....#.
#..............# #.....##
#...####.....######.....#
#.###8^.......^8#....####
#.###^#.......#.######
#...#...........#
#...###.##_##.### #...#.^.
#.#..^8# #...######.######


You could see an adder.

Vanquished Creatures
  4 adders (D:2)
  2 worms (D:2)
  3 bats (D:2)
  4 endoplasms
  A giant cockroach (D:1)
  4 goblins (D:1)
  3 hobgoblins (D:2)
  7 jackals
  A quokka (D:2)
  7 ball pythons
  5 frilled lizards
  4 kobolds
  4 rats
49 creatures vanquished.

Notes
Turn   | Place    | Note
-------+----------+-------------------------------------------
     0 | D:1      | Shayle the Ogre Warper began the quest for the Orb.
     0 | D:1      | Reached XP level 1. HP: 22/22 MP: 3/3
   416 | D:1      | Reached skill level 3 in Fighting
   416 | D:1      | Reached XP level 2. HP: 31/31 MP: 5/5
  1318 | D:2      | Reached XP level 3. HP: 31/37 MP: 6/6
  1714 | D:2      | Found a faded altar of an unknown god.
  2155 | D:2      | Reached XP level 4. HP: 46/48 MP: 7/7
  2369 | D:2      | Reached skill level 4 in Fighting
  2675 | D:2      | Learned a level 2 spell: Blink
  2679 | D:2      | Learned a level 3 spell: Teleport Other
  2929 | D:2      | HP: 1/48 [adder (4)]
  2931 | D:2      | Succumbed to an adder's poison

Illustrated notes

Levels and vault maps discovered:
D:1:      scummos_arrival_simple_fountains, layout_loops_corners
D:2:      layout_basic, shapermc_ecumenical_altar_mp_highgroup

Skill      XL: |  1  2  3  4 |
---------------+-------------+-----
Fighting       | 3 4 |  4.1
Polearms       | 3 |  3.1
Dodging        | 3 |  3.1
Throwing       | |  1.0
Spellcasting   | |  2.4
Translocations | |  2.6

Action                   |  1- 3 |  4- 6 || total
-------------------------+-------+-------++-------
Melee: Spear             |   118 |       ||   118
       Broad axe         |    52 |    46 ||    98
Throw: Boomerang         |     4 |       ||     4
  Use: Scroll            |     2 |       ||     2
       Potion            |       |     2 ||     2
Armor: Robe              |    52 |    19 ||    71
Dodge: Dodged            |   104 |    37 ||   141

Table legend: (Time is in decaauts)
 A = Elapsed time spent in this place.
 B = Non-inter-level travel time spent in this place.
 C = Inter-level travel time spent in this place.
 D = Time resting spent in this place.
 E = Time spent auto-exploring this place.
 F = Levels seen in this place.
 G = Mean time per level.
                   A        B        C        D        E       F      G
               +--------+--------+--------+--------+--------+-----+--------+
         Total |   2982 |   2978 |      4 |    769 |   1675 |   2 | 1491.0 |
       Dungeon |   2982 |   2978 |      4 |    769 |   1675 |   2 | 1491.0 |
               +--------+--------+--------+--------+--------+-----+--------+

Top non-repeatable levels by time:
     D:1: 1583 daAuts
     D:2: 1399 daAuts
